 Dungeon Crawl Stone Soup version 0.19.0 (webtiles) character file.

28205 PrincessPwny the Whirler (level 13, -1/80 HPs)
             Began as a Halfling Hunter on Nov 24, 2016.
             Was a High Priest of Hepliaklqana.
             Slain by a death yak (15 damage)
             ... on level 3 of the Lair of Beasts.
             The game lasted 00:57:57 (18482 turns).

PrincessPwny the Whirler (Halfling Hunter)         Turns: 18482, Time: 00:57:58

Health: -1/80      AC: 15    Str: 17    XL:     13   Next: 71%
Magic:  15/15      EV: 22    Int:  9    God:    Hepliaklqana [*****.]
Gold:   1096       SH:  8    Dex: 16    Spells: 0 memorised, 12 levels left

rFire  + . .     SeeInvis .     a - +2 hunting sling (velocity)
rCold  . . .     Gourm    .     y - +0 steam dragon scales
rNeg   . . .     Faith    .     T - +0 buckler "Teti" {+Fly rF+ Regen+}
rPois  +         Spirit   .     H - +2 hat
rElec  .         Reflect  .     o - +2 cloak {MR+}
rCorr  .         Harm     .     l - +0 pair of gloves
MR     +....                    k - +0 pair of boots
Stlth  ++++......               I - amulet of regeneration
                                C - ring of poison resistance
                                L - +2 ring of slaying

@: no status effects
A: reduced essence, mutation resistance 1
a: Recall Ancestor, Ancestor Identity, Transference, Idealise, Renounce
Religion, Evoke Flight


You were on level 3 of the Lair of Beasts.
You worshipped Hepliaklqana.
Hepliaklqana was extremely pleased with you.
You were not hungry.

You visited 3 branches of the dungeon, and saw 17 of its levels.
You also visited: Ossuary.

You collected 1096 gold pieces.

Inventory:

Hand Weapons
 a - a +2 hunting sling of velocity (weapon)
 b - a +0 short sword
Missiles
 e - 314 stones (quivered)
Armour
 k - a +0 pair of boots (worn)
 l - a +0 pair of gloves (worn)
 o - a +2 cloak of magic resistance (worn)
 r - a +0 shield
 y - +0 steam dragon scales (worn)
 H - a +2 hat (worn)
 T - the +0 buckler "Teti" (worn) {+Fly rF+ Regen+}
   (You found it on level 2 of the Lair of Beasts)

   It protects you from fire.
   It lets you fly.
   It increases your rate of regeneration.
Jewellery
 c - an uncursed ring of protection from fire
 i - an uncursed amulet of magic regeneration
 v - an uncursed ring of wizardry
 C - a ring of poison resistance (right hand)
 I - an amulet of regeneration (around neck)
 L - a +2 ring of slaying (left hand)
Wands
 D - a wand of digging (13/24)
 K - a wand of lightning (5/15)
 M - a wand of digging (14/24)
 R - a wand of polymorph (14/24)
Scrolls
 h - 3 scrolls of teleportation
 s - a scroll of enchant weapon
 u - a scroll of remove curse {@r2}
 z - a scroll of blinking
 E - 3 scrolls of recharging
 G - a scroll of identify {@r1}
 O - a scroll of fog
Potions
 g - 5 potions of curing {@q1}
 j - 2 potions of brilliance
 m - 2 potions of flight
 t - a potion of ambrosia
 w - 4 potions of berserk rage
 x - 3 potions of agility
 A - a potion of magic
 B - 3 potions of might
 F - a potion of cure mutation
 J - a potion of mutation
Books
 N - a book of Necromancy

   Spells                             Type                      Level
   a - Pain                           Necromancy                   1
   b - Animate Skeleton               Necromancy                   1
   c - Vampiric Draining              Necromancy                   3
   d - Regeneration                   Charms/Necromancy            3
   e - Animate Dead                   Necromancy                   4
   f - Control Undead                 Necromancy                   4
 P - a book of the Dragon

   Spells                             Type                      Level
   a - Flame Tongue                   Conjuration/Fire             1
   b - Cause Fear                     Hexes                        4
   c - Bolt of Fire                   Conjuration/Fire             6
   d - Dragon Form                    Transmutation                7
   e - Dragon's Call                  Summoning                    9
Comestibles
 d - 8 beef jerkies
 f - 10 bread rations
 n - 5 slices of pizza
 p - 5 meat rations
 Q - 5 fruits


   Skills:
 + Level 8.4 Fighting
 - Level 16.3 Slings
 + Level 9.3 Armour
 + Level 9.7 Dodging
 - Level 9.3 Stealth
 * Level 9.6 Shields
 + Level 3.4 Invocations


You had 12 spell levels left.
You didn't know any spells.

Dungeon Overview and Level Annotations

Branches:
Dungeon (12/15)            Temple (1/1) D:5            Lair (4/6) D:8
 Shoals (0/4) Lair:3          Orc (0/2) D:9
  Snake: Lair:2-4    Spider: Lair:2-4

Altars:
Ashenzari
Cheibriados
Dithmenos
Elyvilon
Fedhas
Gozag
Hepliaklqana
Kikubaaqudgha
Makhleb
Nemelex Xobeh
Okawaru
Qazlal
Ru
Sif Muna
Trog
Uskayaw
Vehumet
Xom
Yredelemnul
Zin
The Shining One

Shops:
D:7 *

Portals:
Trove: D:12 (give +4 storm dragon scales)


Innate Abilities, Weirdness & Mutations

You are small and have problems with some larger weapons.
You are somewhat resistant to further mutation.
Your life essence is reduced. (-10% HP)


Message History

Firing (i - inventory):
e - 316 stones (quivered)
Press: ? - help, Shift-Dir - straight line, f/p - death yak
Aim: a death yak (heavily wounded)
You shoot a stone.
The stone hits the death yak but does no damage.
The death yak is heavily wounded.
The death yak barely misses ( ͡° ͜ʖ ͡°).
The death yak gores you but does no damage. ( ͡° ͜ʖ ͡°) hits the death yak but does no damage.
You feel better. The death yak closely misses you.
The death yak closely misses ( ͡° ͜ʖ ͡°).
The death yak gores you!!
* * * LOW HITPOINT WARNING * * *
Okay, then.
Firing (i - inventory):
e - 315 stones (quivered)
Press: ? - help, Shift-Dir - straight line, f/p - death yak
Aim: a death yak (heavily wounded)
You shoot a stone. The stone hits the death yak.
The death yak is severely wounded.
The death yak gores you!
You die...

#...#........# #.....
##..#........# #....#
#...#........# #..... ###
##..+........# #.P...
#.#####...##.#.P..# #.#P..
#..##.#...........## #.....
...................#########.##.#
..................P##.#.#P#P.....
................@YR..............
......†...(.....YY...............
.................................
.........P.......................
...##.##P..#.##.(##.#.###.###..#P
#.#############.####### ### #####
### ###


You could see the friendly ( ͡° ͜ʖ ͡°) the battlemage and 3 death yaks.

Vanquished Creatures
  Gastronok (D:9)
  A death yak (Lair:3)
  2 hill giants
  A manticore (D:11)
  2 ugly things
  The ghost of Darts the Covert, a novice OpAs of Dithmenos (D:5)
  A black mamba (Lair:1)
  Joseph (D:9)
  2 kobold demonologists (D:11)
  2 spiny frogs (Lair:1)
  3 komodo dragons
  5 polar bears (Lair:1)
  2 hippogriffs
  Sigmund (D:5)
  The ghost of CanadianGator the Chopper, an amateur HOMo of Uskayaw (Ossuary)
  A basilisk (D:8)
  8 yaks
  A steam dragon (D:6)
  A swamp worm (Lair:3)
  13 water moccasins
  2 porcupines
  Duvessa (D:7)
  5 black bears
  An ice beast (D:11)
  6 orc warriors
  A hornet zombie (D:10)
  7 ogres
  2 wolves (Lair:3)
  4 centaurs
  2 crocodiles
  4 big kobolds
  10 bullfrogs
  Dowan (D:7)
  A water moccasin zombie (Ossuary)
  A scorpion (D:9)
  6 killer bees
  2 wights (D:10)
  3 howler monkeys
  2 electric eels
  A crimson imp (D:8)
  A jelly (D:7)
  9 orc priests
  A bullfrog zombie (D:9)
  Crazy Yiuf (D:6)
  A bullfrog skeleton (D:9)
  3 centaur skeletons
  5 hounds
  A human zombie (D:4)
  13 orc wizards
  An iguana (D:6)
  8 worker ants
  4 big kobold zombies (Ossuary)
  2 mummies (Ossuary)
  5 gnolls
  21 adders
  2 shadow imps
  2 oozes
  5 adder zombies (Ossuary)
  2 adder skeletons
  6 worms
  3 dart slugs (D:1)
  4 leopard geckos
  61 orcs
  11 bats
  5 giant cockroaches
  3 gnoll zombies (Ossuary)
  11 goblins
  10 hobgoblins
  21 jackals
  13 kobolds
  6 quokkas
  5 ball pythons
  9 frilled lizards
  5 hobgoblin zombies (Ossuary)
  5 kobold zombies (Ossuary)
  4 orc zombies (Ossuary)
  A quokka skeleton (D:7)
  11 rats
  A rat zombie (D:4)
394 creatures vanquished.

Vanquished Creatures (collateral kills)
  A death yak (Lair:4)
  The ghost of wazzy the Thaumaturge, a novice GrWz of Vehumet (D:9)
  2 hill giants (D:11)
  A spiny frog (Lair:2)
  A centaur skeleton (D:10)
  A rime drake (Lair:1)
  A komodo dragon (Lair:2)
  A two-headed ogre (D:9)
  2 hippogriffs
  A snapping turtle (Lair:3)
  A basilisk (Lair:1)
  Eustachio (D:6)
  13 yaks
  4 swamp worms (Lair:3)
  8 water moccasins
  A porcupine (Lair:1)
  A phantom (D:10)
  A black bear (D:11)
  4 orc warriors
  A sky beast (D:12)
  2 ogres
  4 wolves (Lair:3)
  3 crocodiles
  Blork the orc (D:6)
  3 bullfrogs
  A wyvern skeleton (D:12)
  A scorpion (D:8)
  2 killer bees (D:10)
  A wight (D:10)
  7 howler monkeys
  2 crimson imps
  A bullfrog skeleton (D:10)
  3 hounds
  4 orc wizards
  3 orc priests
  4 worker ants
  A worker ant zombie (D:6)
  6 adders (Lair:2)
  A shadow imp (D:10)
  An adder zombie (D:9)
  12 worms (Lair:3)
  6 orcs
  2 jackals
  A plant (Lair:3)
119 creatures vanquished.

Vanquished Creatures (others)
  A water moccasin (Lair:2)
  An ancestor (D:6)
  5 battlemagi
  An adder (Lair:2)
  A plant (Lair:3)
9 creatures vanquished.

Grand Total: 522 creatures vanquished

Notes
Turn   | Place    | Note
-------+----------+-------------------------------------------
     0 | D:1      | PrincessPwny the Halfling Hunter began the quest for the Orb.
     0 | D:1      | Reached XP level 1. HP: 14/14 MP: 1/1
    84 | D:1      | Found an ancient bone altar of Kikubaaqudgha.
    98 | D:1      | Reached skill level 6 in Slings
    98 | D:1      | Reached XP level 2. HP: 3/19 MP: 2/2
   643 | D:1      | Reached XP level 3. HP: 19/24 MP: 3/3
  1386 | D:2      | Reached XP level 4. HP: 30/30 MP: 4/4
  1405 | D:1      | Reached skill level 1 in Armour
  1922 | D:2      | Found a faded altar of an unknown god.
  2123 | D:2      | Reached XP level 5. HP: 31/35 MP: 5/5
  2676 | D:3      | Reached skill level 7 in Slings
  2901 | D:3      | Reached XP level 6. HP: 42/42 MP: 6/6
  3913 | D:4      | Noticed an ogre
  3920 | D:4      | Killed an ogre
  3920 | D:4      | Reached skill level 8 in Slings
  3920 | D:4      | Reached XP level 7. HP: 7/46 MP: 7/7
  4345 | D:4      | Found a sand-covered staircase.
  4390 | Ossuary  | Entered an ossuary
  4390 | Ossuary  | Noticed CanadianGator's ghost (amateur HOMo)
  4419 | Ossuary  | HP: 2/46 [CanadianGator's ghost (3)]
  4426 | Ossuary  | Killed CanadianGator's ghost
  5227 | Ossuary  | Reached skill level 9 in Slings
  5235 | Ossuary  | Reached XP level 8. HP: 43/54 MP: 8/8
  6303 | D:5      | Entered Level 5 of the Dungeon
  6303 | D:5      | Noticed Sigmund
  6362 | D:5      | Found Guenoxege's Magic Scroll Shoppe.
  6378 | D:4      | Reached skill level 10 in Slings
  6584 | D:5      | Killed Sigmund
  6584 | D:5      | Reached skill level 5 in Stealth
  6584 | D:5      | Reached XP level 9. HP: 47/59 MP: 9/9
  6805 | D:5      | Noticed Darts's ghost (novice OpAs)
  6821 | D:5      | Killed Darts's ghost
  6821 | D:5      | Reached skill level 11 in Slings
  6821 | D:5      | Reached skill level 5 in Dodging
  7028 | D:5      | Found a staircase to the Ecumenical Temple.
  7093 | Temple   | Entered the Ecumenical Temple
  7380 | Temple   | Became a worshipper of Hepliaklqana the Forgotten
  7760 | D:6      | Reached skill level 5 in Fighting
  7760 | D:6      | Reached skill level 5 in Armour
  7953 | D:6      | Noticed Eustachio
  7983 | D:6      | Killed Eustachio
  8127 | D:6      | Noticed Blork the orc
  8134 | D:6      | Killed Blork the orc
  8144 | D:6      | Reached * piety under Hepliaklqana
  8264 | D:6      | Found a runed door.
  8366 | D:6      | Reached skill level 12 in Slings
  8469 | D:6      | Reached XP level 10. HP: 59/59 MP: 10/10
  8995 | D:6      | Noticed Crazy Yiuf
  9002 | D:6      | Killed Crazy Yiuf
  9073 | D:7      | Found Tuasig's General Store.
  9205 | D:7      | Noticed Dowan
  9207 | D:7      | Noticed Duvessa
  9214 | D:7      | Killed Duvessa
  9216 | D:7      | Killed Dowan
 10009 | D:8      | Reached skill level 13 in Slings
 10063 | D:8      | Found a shimmering altar of Xom.
 10063 | D:8      | Found a shimmering altar of Xom.
 10065 | D:8      | Found a shimmering altar of Xom.
 10066 | D:8      | Found a shimmering altar of Xom.
 10066 | D:8      | Found a shimmering altar of Xom.
 10143 | D:8      | Found a staircase to the Lair.
 10320 | D:8      | Reached ** piety under Hepliaklqana
 10321 | D:8      | Remembered your ancestor ( ͡° ͜ʖ ͡°) as a battlemage
 10374 | D:8      | Reached skill level 1 in Shields
 10806 | D:9      | Noticed Gastronok
 10828 | D:9      | Killed Gastronok
 10828 | D:9      | Reached XP level 11. HP: 65/65 MP: 11/11
 11398 | D:9      | Found a staircase to the Orcish Mines.
 11461 | D:9      | Noticed wazzy's ghost (novice GrWz)
 11467 | D:9      | Noticed Joseph
 11485 | D:9      | Killed Joseph
 11485 | D:9      | Reached skill level 14 in Slings
 11539 | D:9      | Killed wazzy's ghost
 11562 | D:9      | Reached skill level 5 in Shields
 12295 | D:10     | Entered Level 10 of the Dungeon
 13004 | D:10     | Reached XP level 12. HP: 72/72 MP: 12/12
 13291 | D:11     | Reached skill level 15 in Slings
 13479 | D:11     | Reached *** piety under Hepliaklqana
 13508 | D:11     | Got a pitted cloak
 13519 | D:11     | Identified the +0 cloak of the Garden {Int+4} (You found it on level 11 of the Dungeon)
 14827 | D:12     | Found a portal to a secret trove of treasure.
 14834 | D:12     | Reached skill level 16 in Slings
 15216 | Lair:1   | Entered Level 1 of the Lair of Beasts
 15428 | Lair:1   | Reached XP level 13. HP: 78/78 MP: 13/13
 15504 | Lair:1   | Reached **** piety under Hepliaklqana
 15812 | Lair:1   | You fall through a shaft!
 16348 | Lair:2   | Reached skill level 1 in Invocations
 16586 | Lair:2   | Got a faintly humming buckler
 16597 | Lair:2   | Identified the cursed +0 buckler "Teti" {+Fly rF+ Regen+} (You found it on level 2 of the Lair of Beasts)
 17543 | Lair:3   | Reached ***** piety under Hepliaklqana
 18251 | Lair:3   | Found a staircase to the Shoals.
 18482 | Lair:3   | Slain by a death yak

Skill      XL: |  1  2  3  4  5  6  7  8  9 10 11 12 13 |
---------------+----------------------------------------+-----
Slings         | 6 7 8 9 10 12 13 14 16 | 16.3
Fighting       | 2 3 4 5 6 7 8 |  8.4
Stealth        | 2 3 5 6 7 8 9 |  9.3
Armour         | 1 2 3 4 5 6 7 8 9 |  9.3
Dodging        | 3 4 5 7 8 9 |  9.7
Shields        | 3 5 7 9 |  9.6
Invocations    | 3 |  3.4

Action                   |  1- 3 |  4- 6 |  7- 9 | 10-12 | 13-15 || total
-------------------------+-------+-------+-------+-------+-------++-------
Melee: Short sword       |       |    52 |       |       |       ||    52
       Hunting sling     |       |       |       |     1 |       ||     1
 Fire: Hunting sling     |    87 |   243 |   491 |   668 |   383 ||  1872
Invok: Ancestor Identity |       |       |     1 |       |       ||     1
       Recall Ancestor   |       |       |       |     1 |     1 ||     2
       Ancestor Life: Ba |       |       |       |     1 |       ||     1
  Use: Scroll            |     5 |     4 |    10 |    11 |     2 ||    32
       Potion            |       |       |     4 |     1 |     6 ||    11
  Eat: Chunk             |     1 |     7 |    10 |    20 |     9 ||    47
       Bread ration      |       |       |     1 |       |       ||     1
Armor: Leather armour    |     6 |    56 |    33 |       |       ||    95
       Steam dragon scal |       |       |     3 |    43 |    68 ||   114
Dodge: Dodged            |    20 |   178 |   158 |   130 |   237 ||   723
Block: Shield            |       |       |       |    92 |   142 ||   234
       Buckler           |       |       |       |       |    24 ||    24
